 Dungeon Crawl Stone Soup version 0.30-a0-55-g90e3122c3a (webtiles) character file.

Game seed: 929996892400627748

5 LnG the Trooper (level 1, -3/20 HPs)
             Began as a Hill Orc Fighter on Sept 9, 2022.
             Succumbed to a goblin's poison
             ... on level 1 of the Dungeon.
             The game lasted 00:00:31 (152 turns).

LnG the Trooper (Hill Orc Fighter)                   Turns: 152, Time: 00:00:31

Health: -3/20      AC:  6    Str: 18    XL:     1   Next: 80%
Magic:  1/1        EV:  9    Int:  8    God:
Gold:   22         SH:  4    Dex: 10    Spells: 0/0 levels left

rFire   . . .      SeeInvis .    a - +0 war axe
rCold   . . .      Faith    .    c - +0 buckler
rNeg    . . .      Spirit   .    b - +0 scale mail
rPois   .          Reflect  .    (no helmet)
rElec   .          Harm     .    (no cloak)
rCorr   .          Rampage  .    (no gloves)
Will    .....                    (no boots)
Stlth   ..........               (no amulet)
HPRegen 0.06/turn                (no ring)
MPRegen 0.07/turn                (no ring)

@: lethally poisoned (-3 -> -16)
A: no striking features
a: no special abilities


You were on level 1 of the Dungeon.
You visited 1 branch of the dungeon, and saw 1 of its levels.

You collected 22 gold pieces.

Inventory:

Hand Weapons
 a - a +0 war axe (weapon)
Armour
 b - a +0 scale mail (worn)
 c - a +0 buckler (worn)
Potions
 d - 2 potions of might


   Skills:
 + Level 3.7 Fighting
 + Level 2.8 Axes
 + Level 3.4 Armour
 + Level 3.3 Shields


You couldn't memorise any spells.
You didn't know any spells.
Your spell library contained the following spells:

 Spells                   Type           Power      Damage    Failure   Level
 Static Discharge         Conj/Air       0%         3-3/arc   95%         2
 Dispel Undead            Necr           0%         3d6       100%        4
 Sticky Flame             Conj/Fire      0%         2d3       100%        4


Dungeon Overview and Level Annotations

Branches:
Dungeon (1/15)

Altars:


Message History

You barely miss the goblin.
You feel very sick. The goblin hits you but does no damage.
You block the ball python's attack. The ball python grabs you.
The ball python constricts you.
The goblin hits you with a +1 dagger of venom.
* * * LOW HITPOINT WARNING * * *
You are more poisoned.
It was a potion of curing.
You feel better. The ball python barely misses you.
The ball python constricts you. The goblin hits you but does no damage.
You closely miss the goblin. You closely miss the ball python.
The ball python bites you but does no damage.
The ball python constricts you. You block the goblin's attack.
The ball python bites you but does no damage.
The ball python constricts you.
You closely miss the goblin. You hit the ball python.
You block the goblin's attack. You block the ball python's attack.
The ball python constricts you.
You closely miss the goblin. You closely miss the ball python.
The ball python closely misses you. The ball python constricts you.
The goblin hits you with a +1 dagger of venom.
You are lethally poisoned!
The ball python barely misses you. The ball python constricts you.
The goblin barely misses you.
You closely miss the goblin. You hit the ball python.
You kill the ball python!
* * * LOW HITPOINT WARNING * * *
You feel very sick. You block the goblin's attack.
The kobold throws a stone.
The stone barely misses you.
You closely miss the goblin.
* * * LOW HITPOINT WARNING * * *
You feel sick. You block the goblin's attack.
The kobold throws a stone.
The stone closely misses you.
The goblin hits you with a +1 dagger of venom.
* * * LOW HITPOINT WARNING * * *
You are more poisoned.
You slash the goblin!
You kill the goblin!
You closely miss the kobold.
You die...

#....# #....##.#
#.....#.#
##########.....#.#
...............#.#
.
.########..#.#.#.#
... ## #......#.#
#.... #
#......#.#......
#.###...@K....>.
#.# ##...)......
#.# #.#.#.###.#
#.# #.#.#.# #.#
#.#.# # #. #.#.#
#. #.#.# #.#.#


You could see a kobold.

Vanquished Creatures
  2 ball pythons (D:1)
  An endoplasm (D:1)
  2 goblins (D:1)
  A kobold (D:1)
  A rat (D:1)
7 creatures vanquished.

Notes
Turn   | Place    | Note
-------+----------+-------------------------------------------
     0 | D:1      | LnG the Hill Orc Fighter began the quest for the Orb.
     0 | D:1      | Reached XP level 1. HP: 19/19 MP: 1/1
   151 | D:1      | HP: 1/20 [goblin/+1 dagger of venom (2)]
   152 | D:1      | Succumbed to a goblin's poison

Illustrated notes

Levels and vault maps discovered:
D:1:      dpeg_arrival_arbitrary_a, layout_basic,
          shapermc_ecumenical_altar_rom_forum

Action                   || total
-------------------------++-------
Melee: War axe           ||    22
  Use: Potion            ||     1
Armor: Scale mail        ||    12
Dodge: Dodged            ||    10
Block: Buckler           ||    11

Table legend: (Time is in decaauts)
 A = Elapsed time spent in this place.
 B = Non-inter-level travel time spent in this place.
 C = Inter-level travel time spent in this place.
 D = Time resting spent in this place.
 E = Time spent auto-exploring this place.
 F = Levels seen in this place.
 G = Mean time per level.
                   A        B        C        D        E       F      G
               +--------+--------+--------+--------+--------+-----+--------+
         Total |    161 |    161 |      0 |      0 |    115 |   1 |  161.0 |
       Dungeon |    161 |    161 |      0 |      0 |    115 |   1 |  161.0 |
               +--------+--------+--------+--------+--------+-----+--------+

Top non-repeatable levels by time:
     D:1: 161 daAuts
